 Dungeon Crawl Stone Soup version 0.29.1-15-g9cfb28693d (webtiles) character file.

Game seed: 9761754846873491972

41613 Peloso the Fencer (level 13, -3/119 HPs)
             Began as a Minotaur Fighter on Apr 7, 2023.
             Was the Champion of Okawaru.
             Slain by an orc warrior
             ... wielding a +0 battleaxe
             ... led by an orc knight
              (10 damage)
             ... on level 2 of the Orcish Mines.
             The game lasted 00:38:38 (23823 turns).

Peloso the Fencer (Minotaur Fighter)               Turns: 23823, Time: 00:38:39

Health: -3/119     AC: 22    Str: 27    XL:     13   Next: 81%
Magic:  13/13      EV:  9    Int:  6    God:    Okawaru [******]
Gold:   363        SH:  7    Dex: 12    Spells: 12/12 levels left

rFire   + . .      SeeInvis .   b - +4 scimitar "Sihuj" {venom, Int+4}
rCold   . . .      Faith    .   d - +0 buckler
rNeg    . . .      Spirit   .   X - +1 plate armour "Yfimirch" {rPois rF+ Will+ Str+3}
rPois   +          Reflect  .   W - +1 hat {Stlth+}
rElec   .          Harm     .   m - +0 cloak
rCorr   .          Rampage  .   y - +1 pair of gloves
Will    +++..      Rage     50% (no boots)
Stlth   ..........              K - necklace of Bloodlust {*Rage Will++ Int-3 Slay+6}
HPRegen 0.29/turn               (no ring)
MPRegen 0.13/turn               (no ring)

@: on berserk cooldown, slowed, very slow
A: horns 2, retaliatory headbutt
a: Renounce Religion, Heroism, Finesse, Duel


You were on level 2 of the Orcish Mines.
You worshipped Okawaru.
Okawaru was exalted by your worship.
You visited 4 branches of the dungeon, and saw 19 of its levels.

You collected 1476 gold pieces.
You spent 1113 gold pieces at shops.

Inventory:

Hand Weapons
 a - a +2 scimitar of flaming
 b - the +4 scimitar "Sihuj" (weapon) {venom, Int+4}
   (Okawaru gifted it to you on level 12 of the Dungeon)

   It poisons the flesh of those it strikes.
   Int:       It affects your intelligence (+4).
Missiles
 t - 5 throwing nets (quivered)
Armour
 d - a +0 buckler (worn)
 m - a +0 cloak (worn)
 y - a +1 pair of gloves (worn)
 R - the +4 chain mail of Hubris {rPois Int+7 Dex+4}
   (You bought it in a shop on level 4 of the Dungeon)

   Int:       It affects your intelligence (+7).
   Dex:       It affects your dexterity (+4).
   rPois:     It protects you from poison.
 W - a +1 hat of stealth (worn)
 X - the +1 plate armour "Yfimirch" (worn) {rPois rF+ Will+ Str+3}
   (You bought it in a shop on level 4 of the Dungeon)

   Str:       It affects your strength (+3).
   rF:        It protects you from fire.
   rPois:     It protects you from poison.
   Will:      It increases your willpower.
Jewellery
 e - a +6 ring of intelligence
 l - an amulet of reflection
 w - a ring of fire
 B - an amulet of guardian spirit
 K - the necklace of Bloodlust (around neck) {*Rage Will++ Int-3 Slay+6}
   (You found it on level 7 of the Dungeon)

   [amulet of nothing]

   It extends the wearer's berserk rage when killing foes.
   Int:       It affects your intelligence (-3).
   Slay:      It affects your accuracy & damage with ranged weapons and melee
   (+6).
   *Rage:     It berserks you when you make melee attacks (+50% chance).
   Will:      It greatly increases your willpower.
 Q - a ring of resist corrosion
Wands
 x - a wand of flame (17)
 A - a wand of mindburst (13)
 L - a wand of paralysis (16)
 P - a wand of roots (16)
 U - a wand of light (8)
Scrolls
 c - 4 scrolls of enchant weapon {unknown}
 f - 6 scrolls of poison
 k - 4 scrolls of brand weapon {unknown}
 n - 6 scrolls of teleportation {unknown}
 o - 3 scrolls of enchant armour
 p - 5 scrolls of noise {unknown}
 q - 3 scrolls of torment {unknown}
 r - 2 scrolls of amnesia
 s - 2 scrolls of summoning {unknown}
 u - 3 scrolls of immolation
 C - 3 scrolls of magic mapping {unknown}
 F - 2 scrolls of fear {unknown}
 I - 3 scrolls of fog {unknown}
 J - 4 scrolls of vulnerability {unknown}
 M - 2 scrolls of acquirement {unknown}
 N - a scroll of blinking {unknown}
 O - 3 scrolls of identify
 T - a scroll of silence {unknown}
Potions
 g - 3 potions of ambrosia
 h - 3 potions of flight
 i - 9 potions of curing
 j - 6 potions of might
 v - 2 potions of resistance
 z - a potion of mutation {unknown}
 D - a potion of lignification {unknown}
 E - a potion of cancellation {unknown}
 G - 2 potions of invisibility {unknown}
 H - 3 potions of heal wounds
 S - 2 potions of berserk rage {unknown}
 V - 2 potions of degeneration {unknown}


   Skills:
 + Level 12.6 Fighting
 + Level 15.6 Long Blades
 + Level 13.9 Armour
 + Level 5.3 Dodging
 + Level 3.6 Stealth
 + Level 14.7 Shields
 + Level 2.3 Invocations


You had 12 spell levels left.
You didn't know any spells.
Your spell library contained the following spells:

 Spells                   Type           Power      Damage    Failure   Level
 Slow                     Hex            0%         N/A       98%         1
 Sting                    Tmut/Pois      0%         1d3       98%         1
 Blink                    Tloc           0%         N/A       99%         2
 Ensorcelled Hibernation  Hex/Ice        0%         N/A       99%         2
 Passwall                 Tmut/Erth      0%         N/A       99%         2
 Poisonous Vapours        Pois/Air       0%         N/A       99%         2
 Confusing Touch          Hex            0%         N/A       100%        3
 Conjure Flame            Conj/Fire      0%         6-21      100%        3
 Frozen Ramparts          Ice            0%         1d1       100%        3
 Ignite Poison            Fire/Tmut/Pois 0%         N/A       100%        3
 Spider Form              Tmut/Pois      0%         N/A       100%        3
 Swiftness                Air            0%         N/A       100%        3
 Vampiric Draining        Necr           0%         2d6       100%        3
 Anguish                  Hex/Necr       0%         N/A       100%        4
 Corpse Rot               Necr/Pois/Air  0%         N/A       100%        4
 Dispel Undead            Necr           0%         3d6       100%        4
 Ice Form                 Ice/Tmut       0%         N/A       100%        4
 Olgreb's Toxic Radiance  Pois           0%         N/A       100%        4
 Sticky Flame             Conj/Fire      0%         2d3       100%        4
 Borgnjor's Vile Clutch   Necr/Erth      0%         N/A       100%        5
 Manifold Assault         Tloc           0%         N/A       100%        5
 Yara's Violent Unravell  Hex/Tmut       0%         3d3       100%        5
 Enfeeble                 Hex            0%         N/A       100%        7
 Storm Form               Tmut/Air       0%         N/A       100%        7
 Animate Dead             Necr           Unusable   N/A       N/A         4
 Summon Ice Beast         Ice/Summ       Unusable   N/A       N/A         4
 Death Channel            Necr           Unusable   N/A       N/A         6

Dungeon Overview and Level Annotations

Branches:
Dungeon (12/15)            Temple (1/1) D:4            Lair (4/5) D:9
  Swamp (0/4) Lair:2        Snake (0/4) Lair:3        Slime (0/5) Lair:4
    Orc (2/2) D:12            Elf (0/3) Orc:2

Altars:
Ashenzari
Cheibriados
Dithmenos
Elyvilon
Fedhas
Gozag
Hepliaklqana
Kikubaaqudgha
Makhleb
Nemelex Xobeh
Okawaru
Qazlal
Ru
Sif Muna
Trog
Uskayaw
Vehumet
Wu Jian
Xom
Yredelemnul
Zin
The Shining One
Jiyva
Lugonu

Shops:
D:4 [(*?=[(   D:9 (

Annotations:
D:10 2 transporters, engelados's ghost, journeyman BaCj
Lair:4 1 runed translucent door


Innate Abilities, Weirdness & Mutations

You have a pair of horns on your head.
You reflexively headbutt those who attack you in melee.


Message History

You miss something. The orc hits you but does no damage. x3
The orc warrior completely misses you. Something hits you. x2
Unknown command.
You slash something! Okawaru accepts your kill.
Reactivating autopickup.
You feel a bit more experienced.
The orc priest looks encouraged for a moment.
The orc hits you with a +0 mace. You block the orc's attack.
The orc hits you but does no damage. You block the orc warrior's attack.
The orc warrior hits you with a +0 battleaxe.
The orc knight hits you but does no damage.
You block something's attack.
Deactivating autopickup; reactivate with Ctrl-A.
You hear some strange, mumbled words.
A puff of flame appears from out of thin air!
The puff of flame hits you. You resist.
The orc warrior hits you with a +0 broad axe!
The orc hits you with a +0 club.
The orc warrior hits you with a +0 battleaxe!!
The orc closely misses you. x2; You furiously retaliate!
You headbutt the orc!
You kill the orc!
The orc knight hits you with a +2 long sword.
* * * LOW HITPOINT WARNING * * *
The orc attacks as you move away! The orc hits you but does no damage.
The orc barely misses you.
The orc knight hits you with a +2 long sword.
* * * LOW HITPOINT WARNING * * *
Items here: ))) [[[ ††.
The orc warrior hits you but does no damage.
The orc knight unwields a +2 long sword.
The orc knight wields a +0 arbalest.
The orc knight shoots a bolt.
Reactivating autopickup.
There is a stone staircase leading up here.
Unknown command.
The orc warrior hits you with a +0 broad axe!!
* * * LOW HITPOINT WARNING * * *
You block the orc warrior's attack.
The orc warrior hits you with a +0 battleaxe!
You die...

############ ###
.##...#...#..###..##
...................#
....................
....................
..........oo#.......
......)))))o@......#
....._...)ooo.....##
.........o.........#
.................>..
....................
...........<.......#
..............$.....
.............#......


You could see an orc knight, 4 orc warriors, an orc priest (strong) and an orc
(strong).

Vanquished Creatures
  Gastronok (Lair:3)
  Kirke (Lair:3)
  Snorg (D:12)
  Josephine (D:11)
  4 hydras
  Erica (D:9)
  A death yak (D:8)
  Sonja (D:11)
  Amaemon (Lair:2)
  3 deep trolls (D:7)
  A lindwurm (Lair:3)
  2 cyclopes
  A manticore (D:12)
  6 elephants
  An orange demon (Lair:2)
  5 black mambas
  An unseen horror (D:11)
  2 rime drakes
  7 cane toads
  Maggie (D:9)
  3 komodo dragons
  3 kobold demonologists (D:12)
  A polar bear (Lair:4)
  A hornet (D:11)
  4 slime creatures (D:12)
  7 blink frogs (Lair:3)
  14 dream sheep
  7 wyverns
  4 wraiths
  A shadow (D:8)
  40 yaks
  A hog (Lair:3)
  2 basilisks (D:9)
  3 humans (Lair:3)
  3 vampire mosquitoes (D:12)
  A steam dragon (D:6)
  A warg (Orc:1)
  16 water moccasins
  2 ice beasts
  A swamp drake (Lair:2)
  3 sky beasts
  12 orc warriors
  3 black bears
  5 ogres
  3 wolves (Lair:2)
  A phantom (D:4)
  2 centaurs
  2 kobold brigands
  9 bullfrogs
  A gnoll sergeant (D:8)
  Blork the orc (D:5)
  3 scorpions
  3 necrophages
  4 wights
  11 killer bees
  8 howler monkeys
  A quasit (D:5)
  2 jellies
  16 orc priests
  3 hounds
  A gnoll bouda (D:5)
  Jessica (D:3)
  6 hell rats (Lair:3)
  Terence (D:2)
  3 iguanas
  17 orc wizards
  Natasha (D:2)
  Ijyb (D:5)
  16 gnolls
  12 adders
  4 shadow imps
  A white imp (D:5)
  4 ufetubi
  2 worms
  3 dart slugs
  50 orcs
  2 ball pythons
  4 endoplasms
  9 goblins
  2 hobgoblins
  3 quokkas
  3 training dummies (D:4)
  4 bats
  11 frilled lizards
  14 kobolds
  4 rats
429 creatures vanquished.

Vanquished Creatures (others)
  An orc wizard (Orc:2)
  3 demonic plants
  14 fungi
  35 plants
53 creatures vanquished.

Grand Total: 482 creatures vanquished

Notes
Turn   | Place    | Note
-------+----------+-------------------------------------------
     0 | D:1      | Peloso the Minotaur Fighter began the quest for the Orb.
     0 | D:1      | Reached XP level 1. HP: 19/19 MP: 0/0
   405 | D:1      | Reached XP level 2. HP: 20/27 MP: 1/1
   855 | D:1      | You fall into a shaft and drop 1 floor!
   965 | D:1      | Reached skill level 3 in Long Blades
   965 | D:1      | Reached XP level 3. HP: 33/33 MP: 2/2
  1294 | D:2      | Noticed Terence
  1309 | D:2      | HP: 1/33 [Terence/+6 mace of holy wrath (7)]
  1311 | D:2      | Killed Terence
  1662 | D:2      | Reached XP level 4. HP: 26/40 MP: 3/3
  1791 | D:2      | Found a faded altar of an unknown god.
  2101 | D:2      | Noticed Natasha
  2114 | D:2      | Killed Natasha
  2478 | D:2      | Reached XP level 5. HP: 47/47 MP: 4/4
  2824 | D:3      | Noticed Jessica
  2838 | D:3      | Killed Jessica
  2839 | D:3      | Reached skill level 4 in Long Blades
  2839 | D:3      | Reached skill level 1 in Dodging
  2922 | D:3      | Reached skill level 5 in Armour
  3425 | D:4      | HP: 2/47 [orc priest/nerve-wracking pain (14)]
  3426 | D:4      | Reached XP level 6. HP: 3/55 MP: 5/5
  3715 | D:4      | Reached skill level 5 in Long Blades
  3759 | D:4      | Found a staircase to the Ecumenical Temple.
  3768 | Temple   | Entered the Ecumenical Temple
  3935 | D:4      | Found Biugem's Jewellery Boutique.
  3938 | D:4      | Found Femelelu's Assorted Antiques.
  3939 | D:4      | Found Anoraerch's Armour Emporium.
  3939 | D:4      | Found Cuqooli's Magic Scroll Shoppe.
  3941 | D:4      | Found Azur's Antique Weapon Emporium.
  3941 | D:4      | Found Temiacri's Antique Armour Boutique.
  3963 | D:4      | Reached skill level 5 in Shields
  4105 | D:4      | Found Reoroi's Firing Range.
  4317 | D:4      | Reached skill level 5 in Fighting
  4317 | D:4      | Reached XP level 7. HP: 61/61 MP: 6/6
  4342 | D:4      | Reached skill level 6 in Long Blades
  4767 | D:5      | Entered Level 5 of the Dungeon
  5041 | D:5      | Noticed Blork the orc
  5056 | D:5      | Killed Blork the orc
  5139 | D:5      | Reached XP level 8. HP: 42/68 MP: 7/7
  5275 | D:5      | Noticed Ijyb
  5289 | D:5      | Killed Ijyb
  5313 | D:5      | Found a shadowy altar of Dithmenos.
  5359 | D:5      | Found an iron altar of Okawaru.
  5399 | D:5      | Reached skill level 7 in Long Blades
  5431 | D:5      | Became a worshipper of Warmaster Okawaru
  5982 | D:5      | Found a basalt altar of Yredelemnul.
  5984 | D:5      | Found a shimmering blue altar of Sif Muna.
  5991 | D:5      | Found a hazy altar of Hepliaklqana.
  6107 | D:5      | Reached skill level 8 in Long Blades
  6108 | D:5      | Reached * piety under Okawaru
  6636 | D:6      | Reached XP level 9. HP: 70/75 MP: 8/8
  6998 | D:6      | Reached ** piety under Okawaru
  7395 | D:7      | Reached skill level 9 in Long Blades
  8289 | D:7      | Noticed a deep troll
  8298 | D:7      | Killed a deep troll
  8299 | D:7      | Reached skill level 10 in Long Blades
  8366 | D:7      | Noticed a deep troll
  8390 | D:7      | Killed a deep troll
  8391 | D:7      | Reached XP level 10. HP: 46/86 MP: 6/9
  8569 | D:7      | Noticed a deep troll
  8583 | D:7      | Killed a deep troll
  8583 | D:7      | Reached *** piety under Okawaru
  8586 | D:7      | Found the necklace of Bloodlust {*Rage Will++ Int-3 Slay+6}
  8919 | D:8      | Reached skill level 10 in Armour
  9282 | D:8      | Reached skill level 11 in Long Blades
  9357 | D:8      | Identified the +4 scale mail of the Accordion {Harm
                  | *Corrode SInv}
  9421 | D:8      | Reached **** piety under Okawaru
  9762 | D:8      | Reached skill level 1 in Stealth
 10032 | D:8      | Reached skill level 12 in Long Blades
 10099 | D:8      | Reached skill level 1 in Invocations
 10188 | D:8      | Found a radiant altar of Vehumet.
 10965 | D:8      | Reached skill level 10 in Shields
 11016 | D:9      | Noticed a death yak
 11294 | D:8      | Reached XP level 11. HP: 67/95 MP: 9/11
 11509 | D:9      | Found Duijacye's Antique Weapon Shoppe.
 11528 | D:9      | Noticed Erica
 11551 | D:9      | Killed Erica
 11732 | D:8      | Killed a death yak
 12294 | D:9      | Noticed Maggie
 12317 | D:9      | Killed Maggie
 12699 | D:9      | Found a staircase to the Lair.
 13026 | D:10     | Entered Level 10 of the Dungeon
 13411 | D:10     | Reached skill level 13 in Long Blades
 13725 | D:10     | Found a transporter.
 13725 | D:10     | Found a transporter.
 13725 | D:10     | Noticed a two-headed ogre
 13727 | D:10     | Noticed engelados's ghost (journeyman BaCj)
 13728 | D:10     | Noticed a tengu warrior
 13730 | D:10     | Found a bloodstained altar of Trog.
 13754 | D:10     | Noticed a two-headed ogre
 14521 | D:11     | Noticed Josephine
 14546 | D:11     | Killed Josephine
 14546 | D:11     | Reached ***** piety under Okawaru
 14558 | D:11     | Received a gift from Okawaru
 14831 | D:11     | Noticed an eight-headed hydra
 14851 | D:11     | Killed a three-headed hydra
 15223 | D:11     | Identified the +1 broad axe of Analysis {drain, rC+}
                  | (Okawaru gifted it to you on level 11 of the Dungeon)
 15223 | D:11     | Received a gift from Okawaru
 15440 | D:11     | Noticed Sonja
 15450 | D:11     | Killed Sonja
 15595 | D:4      | Bought a spiked chain mail for 228 gold pieces
 15595 | D:4      | Identified the +4 chain mail of Hubris {rPois Int+7 Dex+4}
                  | (You bought it in a shop on level 4 of the Dungeon)
 15611 | D:4      | Bought a scroll labelled KIAHENWILI for 24 gold pieces
 15611 | D:4      | Bought a scroll labelled UNANGIUNNE for 24 gold pieces
 15611 | D:4      | Bought a scroll labelled TEASEDITTE for 24 gold pieces
 15740 | Lair:1   | Entered Level 1 of the Lair of Beasts
 15757 | Lair:1   | Reached skill level 10 in Fighting
 15765 | Lair:1   | Reached XP level 12. HP: 89/106 MP: 12/12
 16569 | Lair:2   | Reached skill level 14 in Long Blades
 16644 | Lair:2   | You fall into a shaft and drop 2 floors!
 17225 | Lair:4   | Found a runed translucent door.
 17226 | Lair:4   | Found a viscous altar of Jiyva.
 17228 | Lair:4   | Noticed an acid blob
 17344 | Lair:4   | Found a staircase to the Slime Pits.
 17344 | Lair:4   | Noticed an acid blob
 17344 | Lair:4   | Noticed an acid blob
 17466 | Lair:4   | Noticed a four-headed hydra
 17473 | Lair:4   | Killed a one-headed hydra
 17483 | Lair:4   | Noticed a four-headed hydra
 17492 | Lair:4   | Killed a one-headed hydra
 17763 | Lair:4   | Identified the +2 buckler "Qiaf" {rPois rC+++ Str-5 Dex+6}
                  | (Okawaru gifted it to you on level 4 of the Lair of Beasts)
 17763 | Lair:4   | Received a gift from Okawaru
 18795 | Lair:3   | Reached XP level 13. HP: 54/116 MP: 13/13
 19332 | Lair:3   | Noticed Kirke
 19533 | Lair:2   | Reached skill level 15 in Long Blades
 19618 | Lair:2   | Noticed Amaemon
 19660 | Lair:2   | Killed Amaemon
 19756 | Lair:2   | Found a staircase to the Swamp.
 19853 | Lair:2   | Reached ****** piety under Okawaru
 20241 | Lair:2   | Reached skill level 5 in Dodging
 20878 | Lair:3   | Killed Kirke
 21029 | Lair:3   | Found a staircase to the Snake Pit.
 21212 | Lair:3   | Noticed Gastronok
 21221 | Lair:3   | Killed Gastronok
 22297 | D:12     | Identified the +4 scimitar "Sihuj" {venom, Int+4} (Okawaru
                  | gifted it to you on level 12 of the Dungeon)
 22297 | D:12     | Received a gift from Okawaru
 22347 | D:12     | Found a staircase to the Orcish Mines.
 22647 | D:12     | Noticed Snorg
 22653 | D:12     | Killed Snorg
 22715 | D:12     | Found a corrupted altar of Lugonu.
 23204 | Orc:1    | Entered Level 1 of the Orcish Mines
 23323 | Orc:1    | Found an iron altar of Okawaru.
 23645 | D:4      | Bought the +1 plate armour "Yfimirch" {rPois rF+ Will+
                  | Str+3} for 813 gold pieces
 23792 | Orc:2    | Entered Level 2 of the Orcish Mines
 23792 | Orc:2    | Found a staircase to the Elven Halls.
 23823 | Orc:2    | Slain by an orc warrior

Illustrated notes

Levels and vault maps discovered:
D:1:      psy_arrival_whirlpool, layout_basic, minmay_misc_feat_rugged,
          minmay_lizard_king
D:2:      layout_loops_corners, basic_ecumenical_altar, uniq_natasha,
          uniq_terence
D:3:      layout_rooms, uniq_jessica
D:4:      layout_basic, lemuel_temple_firewalk_a, serial_corexii_hall,
          chequers_hall_statues_corner_a, corexii_hall_statues_i,
          kennysheep_cluttered_room, corexii_shack,
          chequers_serial_rivers_room_b, nicolae_wooded_promenade,
          nicolae_shop_firing_range
D:5:      layout_loops_ring, mainiacjoe_overflow_brackets,
          minmay_overflow_temple_star_quad, mainiacjoe_overflow_chevrons,
          serial_demonic, serial_demonic_c, serial_demonic_d, serial_demonic_c,
          serial_demonic_f, uniq_ijyb, uniq_blork_the_orc
D:6:      layout_cave_pools
D:7:      layout_basic, serial_curves, eino_curves_04, eino_curves_04,
          eino_curves_03, eino_curves_02,
          hellmonk_guarded_unrand_vitality_bloodlust
D:8:      layout_basic, kennysheep_mini_moat, serial_aquarium,
          aquarium_bridge_straight [aquarium_subvault_bridge,
          aquarium_subvault_window, aquarium_subvault_bridge,
          aquarium_subvault_wall], aquarium_window_1, aquarium_window_1,
          aquarium_window_1, aquarium_window_fake, aquarium_view_2d,
          aquarium_view_2c, aquarium_pool_S, lemuel_flamethrower_1
D:9:      layout_cross, david_lair_generic, serial_shops,
          nicolae_shop_advertising_works [nicolae_subvault_shop_adworks],
          nrook_mini_vaults, chequers_serial_rivers_small_b, uniq_maggie,
          uniq_erica
D:10:     layout_cave_pods, gammafunk_ghost_wrathful_warriors
D:11:     layout_cave_pools, uniq_josephine, uniq_sonja
D:12:     kennysheep_kobold_lugonu_temple, layout_cave_pods, david_orc_3,
          uniq_snorg
Temple:   kb_temple_of_zot
Lair:1:   layout_chaotic_city
Lair:2:   layout_cellular_growth, minmay_swamp_entry_reptiles, minmay_holes,
          lemuel_fruit_tree, uniq_amaemon
Lair:3:   layout_misc_corridors, minmay_snake_entry_six_corridors, minivault_11,
          serial_bayou_shore_b, uniq_gastronok, uniq_kirke
Lair:4:   layout_cellular_growth, slime_entry_2, st_stairs_12
Orc:1:    layout_caves, okawaru_metal_pillars_1_2
Orc:2:    st_orc_town, layout_caves, mines2_david, uniq_maurice

Skill      XL: |  1  2  3  4  5  6  7  8  9 10 11 12 13 |
---------------+----------------------------------------+-----
Armour         | 4 5 6 7 9 10 11 13 | 13.9
Fighting       | 4 5 6 7 8 10 11 12 | 12.6
Long Blades    | 3 4 5 6 8 10 12 13 14 15 | 15.6
Shields        | 4 5 7 9 10 11 13 14 | 14.7
Dodging        | 1 2 3 4 5 |  5.3
Stealth        | 1 2 3 |  3.6
Invocations    | 1 2 |  2.3

Action                   |  1- 3 |  4- 6 |  7- 9 | 10-12 | 13-15 || total
-------------------------+-------+-------+-------+-------+-------++-------
Melee: Long sword        |    90 |   139 |   415 |   625 |   226 ||  1495
       Headbutt          |     8 |    23 |    60 |   173 |    77 ||   341
       Scimitar          |       |       |       |   164 |    74 ||   238
       Unarmed           |       |       |       |       |     3 ||     3
Invok: Heroism           |       |       |     4 |    19 |     7 ||    30
Evoke: Wand              |       |       |       |     1 |       ||     1
  Use: Scroll            |       |     3 |     3 |     1 |       ||     7
       Potion            |       |     3 |     2 |     3 |     1 ||     9
 Stab: Paralysed         |       |       |       |     3 |       ||     3
Armor: Chain mail        |    54 |    76 |   239 |   149 |    97 ||   615
       Scale mail        |     7 |       |       |       |       ||     7
       Plate armour      |       |       |       |   153 |    29 ||   182
Dodge: Dodged            |    38 |    31 |   184 |   239 |   131 ||   623
Block: Buckler           |    22 |    34 |   247 |   429 |   177 ||   909
       Reflection        |       |     1 |     2 |     7 |       ||    10
